| TOP OF THE 1ST |
|
Detroit Tigers batting - Pitching for Baltimore Orioles : RHP Kyle Monroe
|
|
Pitching: RHP Kyle Monroe
|
|
|
Batting: SHB Lee Mazzilli
|
0-0: Called Strike 0-1: Ball 1-1: Called Strike 1-2: Fly out, F8 (Line Drive, 8LM, EV 89.4 MPH)
|
|
Batting: RHB Rusty Tillman
|
0-0: Ball 1-0: Fly out, F8 (Line Drive, 8LM, EV 100.6 MPH)
|
|
Batting: SHB Tony Phillips
|
0-0: Ball 1-0: Swinging Strike 1-1: Foul Ball, location: 2F 1-2: Foul Ball, location: 2F 1-2: Ground out 4-3 (Groundball, 4, EV 80.6 MPH)
|
| Top of the 1st over - 0 runs, 0 hits, 0 errors, 0 left on base; Detroit 0 - Baltimore 0 |
| BOTTOM OF THE 1ST |
|
Baltimore Orioles batting - Pitching for Detroit Tigers : RHP Dennis Martinez
|
|
Pitching: RHP Dennis Martinez
|
|
|
Batting: SHB Willie McGee
|
0-0: Foul Ball, location: 2F 0-1: Ball 1-1: Swinging Strike 1-2: Ball 2-2: Strikes out swinging
|
|
Batting: SHB Johnny Ray
|
0-0: Foul Ball, location: 2F 0-1: Foul Ball, location: 2F 0-2: Ball 1-2: Ground out 6-3 (Groundball, 6, EV 83.8 MPH)
|
|
Batting: LHB Dave Parker
|
0-0: Ball 1-0: Foul Ball, location: 2F 1-1: Foul Ball, location: 2F 1-2: Foul Ball, location: 2F 1-2: Ball 2-2: Strikes out swinging
|
| Bottom of the 1st over - 0 runs, 0 hits, 0 errors, 0 left on base; Detroit 0 - Baltimore 0 |
| TOP OF THE 2ND |
|
Detroit Tigers batting - Pitching for Baltimore Orioles : RHP Kyle Monroe
|
|
Batting: LHB Mike Laga
|
0-0: Ground out 4-3 (Groundball, 4, EV 101.9 MPH)
|
|
Batting: LHB Randy S Johnson
|
0-0: Called Strike 0-1: Fly out, F6 (Popup, 6M, EV 58.8 MPH)
|
|
Batting: RHB Nick Capra
|
0-0: Called Strike 0-1: Bunted foul 0-2: Ball 1-2: Ball 2-2: Ground out 6-3 (Groundball, 56, EV 96.9 MPH)
|
| Top of the 2nd over - 0 runs, 0 hits, 0 errors, 0 left on base; Detroit 0 - Baltimore 0 |
| BOTTOM OF THE 2ND |
|
Baltimore Orioles batting - Pitching for Detroit Tigers : RHP Dennis Martinez
|
|
Batting: RHB Dwight Evans
|
0-0: Called Strike 0-1: SINGLE (Line Drive, 89M, EV 105.0 MPH)
|
|
Batting: LHB Fred Lynn
|
0-0: SINGLE (Groundball, 6D, EV 103.1 MPH) Dwight Evans to second
|
|
Batting: SHB Steve R Ontiveros
|
0-0: Foul Ball, location: 2F 0-1: Foul Ball, location: 2F 0-2: Ball 1-2: Ball 2-2: Foul Ball, location: 2F 2-2: Ball 3-2: Fielders Choice at 2nd, 3-6 (Groundball, 3, EV 96.3 MPH) Dwight Evans to third
|
|
Batting: RHB Matt Rice
|
0-0: Called Strike 0-1: Called Strike 0-2: Ball 1-2: Fielders Choice at 2nd, 6-4 (Groundball, 56, EV 88.1 MPH) Dwight Evans scores
|
|
Batting: RHB Jim Sundberg
|
0-0: Ball 1-0: Ball 2-0: Foul Ball, location: 2F 2-1: Ground out 5-3 (Groundball, 56S, EV 79.4 MPH)
|
| Bottom of the 2nd over - 1 run, 2 hits, 0 errors, 1 left on base; Detroit 0 - Baltimore 1 |
| TOP OF THE 3RD |
|
Detroit Tigers batting - Pitching for Baltimore Orioles : RHP Kyle Monroe
|
|
Batting: RHB Larry Parrish
|
0-0: Ball 1-0: Called Strike 1-1: Swinging Strike 1-2: Foul Ball, location: 2F 1-2: Ball 2-2: Ball 3-2: Strikes out swinging
|
|
Batting: LHB Dan Graham
|
0-0: Ball 1-0: Called Strike 1-1: Ball 2-1: Called Strike 2-2: Ground out 4-3 (Groundball, 4, EV 99.4 MPH)
|
|
Batting: RHB Jose Hidalgo
|
0-0: Foul Ball, location: 2F 0-1: Ball 1-1: Ball 2-1: Foul Ball, location: 2F 2-2: Strikes out swinging
|
| Top of the 3rd over - 0 runs, 0 hits, 0 errors, 0 left on base; Detroit 0 - Baltimore 1 |
| BOTTOM OF THE 3RD |
|
Baltimore Orioles batting - Pitching for Detroit Tigers : RHP Dennis Martinez
|
|
Batting: SHB Mike Hart
|
0-0: Ball 1-0: Foul Ball, location: 2F 1-1: Fly out, F7 (Flyball, 7, EV 95.0 MPH)
|
|
Batting: SHB Willie McGee
|
0-0: Swinging Strike 0-1: Foul Ball, location: 2F 0-2: Foul Ball, location: 2F 0-2: Ball 1-2: Ball 2-2: Ground out 5-3 (Groundball, 5S, EV 83.8 MPH)
|
|
Batting: SHB Johnny Ray
|
0-0: Called Strike 0-1: Ball 1-1: SINGLE (Line Drive, 4D, EV 104.4 MPH)
|
|
Batting: LHB Dave Parker
|
0-0: Ball 1-0: Called Strike 1-1: Swinging Strike 1-2: Foul Ball, location: 2F 1-2: Strikes out swinging
|
| Bottom of the 3rd over - 0 runs, 1 hit, 0 errors, 1 left on base; Detroit 0 - Baltimore 1 |
| TOP OF THE 4TH |
|
Detroit Tigers batting - Pitching for Baltimore Orioles : RHP Kyle Monroe
|
|
Batting: SHB Lee Mazzilli
|
0-0: Ball 1-0: SINGLE (Flyball, 7LS, EV 85.0 MPH)
|
|
Batting: RHB Rusty Tillman
|
0-0: Ball Lee Mazzilli steals 2nd base (no throw) 1-0: Fly out, F8 (Flyball, 8LXD, EV 99.4 MPH) Runner from 2nd tags up, SAFE at 3rd, no throw by CF
|
|
Batting: SHB Tony Phillips
|
0-0: Ball 1-0: Swinging Strike 1-1: Swinging Strike 1-2: Foul Ball, location: 2F 1-2: Foul Ball, location: 2F 1-2: Ball 2-2: Ball 3-2: Foul Ball, location: 2F 3-2: Foul Ball, location: 2F 3-2: Base on Balls
|
|
Batting: LHB Mike Laga
|
0-0: Ball 1-0: Ground out U3 (Groundball, 3S, EV 68.1 MPH) Lee Mazzilli scores Tony Phillips to second
|
|
Batting: LHB Randy S Johnson
|
0-0: Ball 1-0: SINGLE (Groundball, 6, EV 96.9 MPH) Tony Phillips to third Runner from 3rd tries for Home, SAFE, throw by LF to home
|
|
Batting: RHB Nick Capra
|
0-0: Called Strike 0-1: Ball 1-1: Ball 2-1: Ground out 5-3 (Groundball, 56S, EV 70.6 MPH)
|
| Top of the 4th over - 2 runs, 2 hits, 0 errors, 1 left on base; Detroit 2 - Baltimore 1 |
| BOTTOM OF THE 4TH |
|
Baltimore Orioles batting - Pitching for Detroit Tigers : RHP Dennis Martinez
|
|
Batting: RHB Dwight Evans
|
0-0: Called Strike 0-1: Ball 1-1: Ball 2-1: Foul Ball, location: 2F 2-2: Foul Ball, location: 2F 2-2: Ball 3-2: DOUBLE (Line Drive, 78D, EV 113.1 MPH)
|
|
Batting: LHB Fred Lynn
|
0-0: Ball 1-0: Ball 2-0: Ground out U3 (Groundball, 3S, EV 76.3 MPH) Dwight Evans to third
|
|
Batting: SHB Steve R Ontiveros
|
0-0: Ball 1-0: Foul Ball, location: 2F 1-1: Called Strike 1-2: Ground out 4-3 (Groundball, 4, EV 85.6 MPH) Dwight Evans scores
|
|
Batting: RHB Matt Rice
|
0-0: Called Strike 0-1: Ball 1-1: Ball 2-1: Ball 3-1: Foul Ball, location: 2F 3-2: Ground out 5-3 (Groundball, 56, EV 107.5 MPH)
|
| Bottom of the 4th over - 1 run, 1 hit, 0 errors, 0 left on base; Detroit 2 - Baltimore 2 |
| TOP OF THE 5TH |
|
Detroit Tigers batting - Pitching for Baltimore Orioles : RHP Kyle Monroe
|
|
Pitching: RHP John Howell
|
|
|
Batting: RHB Larry Parrish
|
0-0: Ground out 6-3 (Groundball, 4MS, EV 89.4 MPH)
|
|
Batting: LHB Dan Graham
|
0-0: Ball 1-0: Ground out U3 (Groundball, 34, EV 100.0 MPH)
|
|
Batting: RHB Jose Hidalgo
|
0-0: Ground out 6-3 (Groundball, 6, EV 80.0 MPH)
|
| Top of the 5th over - 0 runs, 0 hits, 0 errors, 0 left on base; Detroit 2 - Baltimore 2 |
| BOTTOM OF THE 5TH |
|
Baltimore Orioles batting - Pitching for Detroit Tigers : RHP Dennis Martinez
|
|
Pitching: RHP Dan Quisenberry
|
|
|
Batting: RHB Jim Sundberg
|
0-0: Ball 1-0: Ball 2-0: Called Strike 2-1: Ball 3-1: Ground out 6-3 (Groundball, 6, EV 84.4 MPH)
|
|
Batting: SHB Mike Hart
|
0-0: Ball 1-0: Foul Ball, location: 2F 1-1: Ground out 3-1 (Groundball, 34, EV 85.0 MPH)
|
|
Batting: SHB Willie McGee
|
0-0: Foul Ball, location: 2F 0-1: Fly out, F7 (Flyball, 7S, EV 94.4 MPH)
|
| Bottom of the 5th over - 0 runs, 0 hits, 0 errors, 0 left on base; Detroit 2 - Baltimore 2 |
| TOP OF THE 6TH |
|
Detroit Tigers batting - Pitching for Baltimore Orioles : RHP John Howell
|
|
Batting: SHB Lee Mazzilli
|
0-0: Swinging Strike 0-1: Ground out U3 (Groundball, 3, EV 102.5 MPH)
|
|
Batting: RHB Rusty Tillman
|
0-0: Called Strike 0-1: Foul Ball, location: 2F 0-2: Strikes out swinging
|
|
Batting: SHB Tony Phillips
|
0-0: Called Strike 0-1: Called Strike 0-2: Ball 1-2: Ground out U3 (Groundball, 34, EV 86.3 MPH)
|
| Top of the 6th over - 0 runs, 0 hits, 0 errors, 0 left on base; Detroit 2 - Baltimore 2 |
| BOTTOM OF THE 6TH |
|
Baltimore Orioles batting - Pitching for Detroit Tigers : RHP Dan Quisenberry
|
|
Batting: SHB Johnny Ray
|
0-0: Called Strike 0-1: Ground out 4-3 (Groundball, 4, EV 110.6 MPH)
|
|
Batting: LHB Dave Parker
|
0-0: SINGLE (Flyball, 56D, EV 86.9 MPH)
|
|
Batting: RHB Dwight Evans
|
0-0: Called Strike 0-1: Ball 1-1: TRIPLE (Flyball, 9LD, EV 100.6 MPH) Dave Parker scores
|
|
Batting: LHB Fred Lynn
|
0-0: Ball 1-0: SINGLE (Line Drive, 78S, EV 103.1 MPH) Dwight Evans scores
|
|
Batting: SHB Steve R Ontiveros
|
0-0: Ball 1-0: Ball 2-0: Swinging Strike 2-1: Ball 3-1: Base on Balls Fred Lynn to second
|
|
Batting: RHB Matt Rice
|
0-0: Called Strike 0-1: Foul Ball, location: 2F 0-2: Ball 1-2: Foul Ball, location: 2F 1-2: Fielders Choice at 2nd, 6-4 (Groundball, 6, EV 83.8 MPH) Fred Lynn to third
|
|
Batting: RHB Jim Sundberg
|
0-0: Fielders Choice at 2nd, 6-4 (Groundball, 6, EV 84.4 MPH)
|
| Bottom of the 6th over - 2 runs, 3 hits, 0 errors, 2 left on base; Detroit 2 - Baltimore 4 |
| TOP OF THE 7TH |
|
Detroit Tigers batting - Pitching for Baltimore Orioles : RHP John Howell
|
|
Now in CF: Mark Brouhard
|
|
|
Batting: LHB Mike Laga
|
0-0: Called Strike 0-1: Called Strike 0-2: Ball 1-2: Strikes out swinging, 2-3 out at first.
|
|
Batting: LHB Randy S Johnson
|
0-0: Foul Ball, location: 2F 0-1: Foul Ball, location: 2F 0-2: Fly out, F7 (Flyball, 7S, EV 84.4 MPH)
|
|
Batting: RHB Nick Capra
|
0-0: Called Strike 0-1: Ball 1-1: Swinging Strike 1-2: Strikes out swinging
|
| Top of the 7th over - 0 runs, 0 hits, 0 errors, 0 left on base; Detroit 2 - Baltimore 4 |
| BOTTOM OF THE 7TH |
|
Baltimore Orioles batting - Pitching for Detroit Tigers : RHP Dan Quisenberry
|
|
Batting: SHB Mike Hart
|
0-0: Ball 1-0: Ball 2-0: Swinging Strike 2-1: Foul Ball, location: 2F 2-2: Ball 3-2: Foul Ball, location: 2F 3-2: Base on Balls
|
|
Pitching: RHP Santo Alcala
|
|
|
Batting: SHB Willie McGee
|
0-0: Ball 1-0: Sac Bunt to 3S - play at first, batter OUT! 3-1 Mike Hart to second
|
|
Pinch Hitting: RHB Garth Iorg
|
0-0: Called Strike 0-1: Ball 1-1: SINGLE (Groundball, 34S, EV 65.6 MPH) (infield hit) Mike Hart to third
|
|
Batting: RHB Mark Brouhard
|
0-0: Ball Garth Iorg is caught stealing 2nd base 2-4 1-0: Ball 2-0: Ball 3-0: Called Strike 3-1: Foul Ball, location: 2F 3-2: SINGLE (Line Drive, 6MD, EV 96.9 MPH) Mike Hart scores
|
|
Batting: RHB Dwight Evans
|
0-0: Ball 1-0: Called Strike 1-1: Ball 2-1: Called Strike 2-2: Strikes out swinging
|
| Bottom of the 7th over - 1 run, 2 hits, 0 errors, 1 left on base; Detroit 2 - Baltimore 5 |
| TOP OF THE 8TH |
|
Detroit Tigers batting - Pitching for Baltimore Orioles : RHP John Howell
|
|
Now at 3B: Mike Henderson
|
|
|
Batting: RHB Larry Parrish
|
0-0: Called Strike 0-1: Ball 1-1: Ball 2-1: Fly out, F9 (Line Drive, 9D, EV 90.0 MPH)
|
|
Batting: LHB Dan Graham
|
0-0: Foul Ball, location: 2F 0-1: Ball 1-1: Fly out, F7 (Line Drive, 7, EV 87.5 MPH)
|
|
Batting: RHB Jose Hidalgo
|
0-0: Ball 1-0: Ball 2-0: Ball 3-0: Called Strike 3-1: Foul Ball, location: 2F 3-2: Fly out, F8 (Flyball, 89S, EV 90.6 MPH)
|
| Top of the 8th over - 0 runs, 0 hits, 0 errors, 0 left on base; Detroit 2 - Baltimore 5 |
| BOTTOM OF THE 8TH |
|
Baltimore Orioles batting - Pitching for Detroit Tigers : RHP Santo Alcala
|
|
Batting: LHB Sid Bream
|
0-0: Ball 1-0: Called Strike 1-1: Ball 2-1: Swinging Strike 2-2: Strikes out swinging
|
|
Pinch Hitting: LHB Mario Delgado
|
0-0: Fly out, F8 (Flyball, 89M, EV 88.1 MPH)
|
|
Pinch Hitting: LHB Garcia Gutierrez
|
0-0: Ball 1-0: Called Strike 1-1: Ball 2-1: Fly out, F7 (Flyball, 7LM, EV 103.1 MPH)
|
| Bottom of the 8th over - 0 runs, 0 hits, 0 errors, 0 left on base; Detroit 2 - Baltimore 5 |
| TOP OF THE 9TH |
|
Detroit Tigers batting - Pitching for Baltimore Orioles : RHP John Howell
|
|
Now at SS: Garcia Gutierrez
|
|
|
Now in LF: Mario Delgado
|
|
|
Pinch Hitting: RHB Glenn Williams
|
0-0: Ball 1-0: Called Strike 1-1: Ball 2-1: Ball 3-1: Base on Balls
|
|
Pitching: RHP George Durham
|
|
|
Pinch Hitting: SHB Raul Gonzalez
|
0-0: Called Strike 0-1: Ball Wild Pitch! Glenn Williams to second 1-1: Swinging Strike 1-2: Foul Ball, location: 2F 1-2: Strikes out swinging
|
|
Pinch Hitting: RHB Mike Sproles
|
0-0: Ball 1-0: Fly out, F8 (Flyball, 8LS, EV 93.1 MPH)
|
|
Pinch Hitting: RHB Andre Thornton
|
0-0: Ball 1-0: Foul Ball, location: 2F 1-1: Ball 2-1: Ball 3-1: Ground out 5-3 (Groundball, 56, EV 83.1 MPH)
|
| Top of the 9th over - 0 runs, 0 hits, 0 errors, 1 left on base; Detroit 2 - Baltimore 5 |
|